 Dungeon Crawl Stone Soup version 0.30-a0-800-g7c544603b3 (webtiles) character file.

Game seed: 11988493053700920459

109 testman the Covered (level 4, 0/57 HPs)
             Began as a Gnoll Wanderer on Feb 21, 2023.
             Was a Follower of Yredelemnul.
             Succumbed to Crazy Yiuf's poison
             ... on level 2 of the Dungeon.
             The game lasted 00:06:35 (1247 turns).

testman the Covered (Gnoll Wanderer)                Turns: 1247, Time: 00:06:36

Health: 0/57       AC: 22    Str: 12    XL:     4   Next: 90%
Magic:  8/8        EV:  2    Int: 14    God:    Yredelemnul [*.....]
Gold:   86         SH:  0    Dex: 10    Spells: 8/9 levels left

rFire   . . .      SeeInvis .    f - +2 dagger (venom)
rCold   . . .      Faith    .    (no shield)
rNeg    . . .      Spirit   .    (body armour currently unavailable)
rPois   +          Reflect  .    (helmet currently unavailable)
rElec   .          Harm     .    (cloak currently unavailable)
rCorr   .          Rampage  .    (gloves currently unavailable)
Will    +....      NoTele   +    (boots currently unavailable)
Stlth   +                        h - amulet of magic regeneration
HPRegen 0.29/turn                (no ring)
MPRegen 0.51/turn                (no ring)

@: lethally poisoned (0 -> -2), tree-form, hasted, very quick
A: stationary, stasis, torment immunity, boosted hp, (fangs 1), strong nose,
distributed training, deterioration 1, strong-willed 1
a: Renounce Religion, Recall Undead Harvest


You were on level 2 of the Dungeon.
You worshipped Yredelemnul.
Yredelemnul was noncommittal.
You were a tree.
You visited 1 branch of the dungeon, and saw 2 of its levels.

You collected 86 gold pieces.

Inventory:

Hand Weapons
 f - a +2 dagger of venom (weapon)
Armour
 a - a +1 cloak (melded)
 d - a +2 scale mail (melded)
Jewellery
 h - an amulet of magic regeneration (around neck)
Scrolls
 g - 2 scrolls of teleportation
 i - 2 scrolls of amnesia
 l - a scroll of immolation
 n - 2 scrolls of enchant armour
Potions
 b - a potion of attraction
 j - a potion of haste


   Skills:
 + Level 4.7 Fighting
 + Level 1.3 Short Blades
 + Level 1.3 Long Blades
 + Level 1.3 Axes
 + Level 1.3 Maces & Flails
 + Level 1.3 Polearms
 + Level 1.3 Staves
 + Level 1.3 Ranged Weapons
 + Level 2.9 Throwing
 + Level 6.6 Armour
 + Level 2.9 Dodging
 + Level 1.3 Stealth
 + Level 1.3 Shields
 + Level 1.3 Unarmed Combat
 + Level 3.1 Spellcasting
 + Level 1.1 Conjurations
 + Level 1.1 Hexes
 + Level 1.1 Summonings
 + Level 3.9 Necromancy
 + Level 1.1 Translocations
 + Level 1.1 Transmutations
 + Level 1.1 Fire Magic
 + Level 1.1 Ice Magic
 + Level 1.1 Air Magic
 + Level 1.1 Earth Magic
 + Level 1.1 Poison Magic
 + Level 1.5 Invocations
 + Level 1.3 Evocations


You had 8 spell levels left.
You knew the following spells:

 Your Spells              Type           Power      Damage    Failure   Level
a - Kiss of Death         Conj/Necr      36%        2d8       8%          1

Your spell library contained the following spells:

 Spells                   Type           Power      Damage    Failure   Level
 Vampiric Draining        Necr           13%        2d6       13%         3


Dungeon Overview and Level Annotations

Branches:
Dungeon (2/15)

Altars:
Yredelemnul


Innate Abilities, Weirdness & Mutations

You are a tree.
Your roots penetrate the ground, keeping you stationary.
You cannot be teleported.
You are immune to unholy pain and torment.
Your maximum health is greatly increased.
Your equipment is partially melded.
((You have very sharp teeth.))
Your uncanny sense of smell can sniff out nearby items.
Your experience applies equally to all skills.
Your body sometimes deteriorates upon taking damage.
You are strong-willed. (Will+)


Message History

It is a scroll of identify.
g - 2 scrolls of teleportation
* * * LOW HITPOINT WARNING * * *
You feel sick.
As you read the scroll labelled ITOTUC VEYWK, it crumbles to dust.
It is a scroll of amnesia.
Really abort (and waste the scroll)?
Okay, then.
* * * LOW HITPOINT WARNING * * *
You feel sick.
As you read the scroll labelled DOESCH IS ZOFI, it crumbles to dust.
The creatures around you are filled with an inner flame!
It was a scroll of immolation.
* * * LOW HITPOINT WARNING * * *
You feel sick.
Okay, then.
Really quaff the potion of mutation?
You feel extremely strange.
You feel yourself wasting away.
You feel strong-willed.
* * * LOW HITPOINT WARNING * * *
You feel sick.
Okay, then.
As you read the scroll labelled WUJERPH SISOU, it crumbles to dust.
You hear a loud clanging noise!
It was a scroll of noise.
* * * LOW HITPOINT WARNING * * *
You feel sick.
As you read the scroll labelled JEREUPRUCA, it crumbles to dust.
It is a scroll of enchant armour.
Your +0 cloak glows green for a moment.
* * * LOW HITPOINT WARNING * * *
You feel sick.
* * * LOW HITPOINT WARNING * * *
You feel sick.
* * * LOW HITPOINT WARNING * * *
You feel sick.
* * * LOW HITPOINT WARNING * * *
You feel sick.
You die...
Your body rises from the dead as a mindless zombie.

.........Z...###......#
.#####.Z####.# #......#
#....# #.# #......#
♣..Z.♣ #.# #......#
♣♣...♣ #.# ##...###
♣♣.♣♣ #.# #...# ♣♣Z♣
#.. #...# ♣Z♣♣ .. #####
♣♣♣♣ ♣Z♣♣ #Z# ... #...#
#)..# #####


You could see 2 friendly adder zombies, a friendly endoplasm zombie (inner
flame) and the friendly Crazy Yiuf the gnoll zombie.

Vanquished Creatures
  Crazy Yiuf (D:2)
  A gnoll (D:1)
  3 adders (D:2)
  5 endoplasms
  2 giant cockroaches (D:1)
  4 goblins (D:1)
  3 hobgoblins
  5 kobolds (D:1)
  2 quokkas (D:1)
  6 ball pythons (D:1)
  6 bats (D:1)
  A frilled lizard (D:1)
  2 rats (D:1)
41 creatures vanquished.

Vanquished Creatures (others)
  2 plants (D:1)
2 creatures vanquished.

Grand Total: 43 creatures vanquished

Notes
Turn   | Place    | Note
-------+----------+-------------------------------------------
     0 | D:1      | testman the Gnoll Wanderer began the quest for the Orb.
     0 | D:1      | testman set off with the following items: a +0 club, a
                  | potion of attraction, a potion of mutation, a +2 scale
                  | mail; and the following spell memorised: Kiss of Death; and
                  | the following spells available to memorise: Vampiric
                  | Draining.
     0 | D:1      | Reached XP level 1. HP: 20/20 MP: 4/4
   175 | D:1      | Reached XP level 2. HP: 25/26 MP: 5/5
   285 | D:1      | Reached XP level 3. HP: 31/31 MP: 7/7
   353 | D:1      | Reached skill level 1 in Invocations
   722 | D:1      | Found a faded altar of an unknown god.
   727 | D:1      | Reached skill level 1 in Short Blades
   727 | D:1      | Reached skill level 1 in Long Blades
   727 | D:1      | Reached skill level 1 in Axes
   727 | D:1      | Reached skill level 1 in Maces & Flails
   727 | D:1      | Reached skill level 1 in Polearms
   727 | D:1      | Reached skill level 1 in Staves
   727 | D:1      | Reached skill level 1 in Ranged Weapons
   727 | D:1      | Reached skill level 1 in Stealth
   727 | D:1      | Reached skill level 1 in Shields
   727 | D:1      | Reached skill level 1 in Unarmed Combat
   727 | D:1      | Reached skill level 1 in Evocations
   731 | D:1      | Prayed at the altar of an unknown god.
   731 | D:1      | Became a worshipper of Yredelemnul the Dark
   731 | D:1      | Reached * piety under Yredelemnul
  1120 | D:2      | Reached XP level 4. HP: 35/38 MP: 8/8
  1202 | D:2      | Reached skill level 1 in Conjurations
  1202 | D:2      | Reached skill level 1 in Hexes
  1202 | D:2      | Reached skill level 1 in Summonings
  1202 | D:2      | Reached skill level 1 in Translocations
  1202 | D:2      | Reached skill level 1 in Transmutations
  1202 | D:2      | Reached skill level 1 in Fire Magic
  1202 | D:2      | Reached skill level 1 in Ice Magic
  1202 | D:2      | Reached skill level 1 in Air Magic
  1202 | D:2      | Reached skill level 1 in Earth Magic
  1202 | D:2      | Reached skill level 1 in Poison Magic
  1220 | D:2      | Found a runed translucent door.
  1221 | D:2      | Noticed Crazy Yiuf
  1234 | D:2      | Killed Crazy Yiuf
  1239 | D:2      | Gained mutation: Your body sometimes deteriorates upon
                  | taking damage. [potion of mutation]
  1239 | D:2      | Gained mutation: You are strong-willed. (Will+) [potion of
                  | mutation]
  1243 | D:2      | HP: 2/57 [poisoned by Crazy Yiuf]
  1247 | D:2      | Succumbed to Crazy Yiuf's poison

Illustrated notes

Levels and vault maps discovered:
D:1:      elethiomel_arrival_shortcut, layout_basic,
          chequers_ecumenical_altar_lobes, minmay_cut_off
D:2:      layout_basic, basic_altar, uniq_crazy_yiuf_cottage

Skill      XL: |  1  2  3  4 |
---------------+-------------+-----
Invocations    | 1 |  1.5
Short Blades   | 1 |  1.3
Long Blades    | 1 |  1.3
Axes           | 1 |  1.3
Maces & Flails | 1 |  1.3
Polearms       | 1 |  1.3
Staves         | 1 |  1.3
Ranged Weapons | 1 |  1.3
Stealth        | 1 |  1.3
Shields        | 1 |  1.3
Unarmed Combat | 1 |  1.3
Evocations     | 1 |  1.3
Spellcasting   | 3 |  3.1
Conjurations   | 1 |  1.1
Hexes          | 1 |  1.1
Summonings     | 1 |  1.1
Translocations | 1 |  1.1
Transmutations | 1 |  1.1
Fire Magic     | 1 |  1.1
Ice Magic      | 1 |  1.1
Air Magic      | 1 |  1.1
Earth Magic    | 1 |  1.1
Poison Magic   | 1 |  1.1
Fighting       | |  4.7
Throwing       | |  2.9
Armour         | |  6.6
Dodging        | |  2.9
Necromancy     | |  3.9

Action                     |  1- 3 |  4- 6 || total
---------------------------+-------+-------++-------
  Melee: Dagger            |   100 |    16 ||   116
         Club              |     3 |       ||     3
         Bite              |     5 |     1 ||     6
    Use: Scroll            |       |     5 ||     5
         Potion            |       |     3 ||     3
 Armour: Scale mail        |    56 |     5 ||    61
  Dodge: Dodged            |    55 |    10 ||    65

Table legend: (Time is in decaauts)
 A = Elapsed time spent in this place.
 B = Non-inter-level travel time spent in this place.
 C = Inter-level travel time spent in this place.
 D = Time resting spent in this place.
 E = Time spent auto-exploring this place.
 F = Levels seen in this place.
 G = Mean time per level.
                   A        B        C        D        E       F      G
               +--------+--------+--------+--------+--------+-----+--------+
         Total |   1239 |   1213 |     26 |      0 |    947 |   2 |  619.5 |
       Dungeon |   1239 |   1213 |     26 |      0 |    947 |   2 |  619.5 |
               +--------+--------+--------+--------+--------+-----+--------+

Top non-repeatable levels by time:
     D:1: 970 daAuts
     D:2: 269 daAuts
